 Dungeon Crawl Stone Soup version 0.16.1-51-g6203257 (webtiles) character file.

9571 Goblin1989 the Martial Artist (level 11, 0/60 HPs)
             Began as a Vine Stalker Monk on July 13, 2015.
             Was a High Priest of Zin.
             Succumbed to a spiny frog's poison
             ... while paralysed
             ... on level 2 of the Lair of Beasts on July 14, 2015.
             The game lasted 00:51:11 (10201 turns).

Goblin1989 the Martial Artist (Vine Stalker Monk)  Turns: 10201, Time: 00:51:11

Health: 0/60       AC: 10    Str: 14    XL:     11   Next: 48%
Magic:  12/23      EV:  2    Int: 13    God:    Zin [*****.]
Gold:   165        SH:  0    Dex: 17    Spells: 0 memorised, 10 levels left

rFire  + . .     SeeInvis .       - Unarmed
rCold  + . .     Clarity  .     k - +0 ring mail (curse)
rNeg   + . .     SustAb   .     (no shield)
rPois  +         Gourm    .     (no helmet)
rElec  +         Spirit   +     i - +0 cloak (curse)
rCorr  +         Warding  .     r - +0 pair of gloves
rMut   .         Stasis   .     D - +2 pair of boots
MR     +....                    (no amulet)
Stlth  ++........               A - +1 ring of evasion
                                o - ring of positive energy

@: paralysed, lethally poisoned (0 -> -12), exhausted, resistant, slowed,
somewhat resistant to hostile enchantments, unstealthy
A: fangs 3, regeneration 2, magic shield, antimagic bite, no device heal 3, rot
immunity
a: Recite, Vitalisation, Imprison, Sanctuary, Renounce Religion


You were on level 2 of the Lair of Beasts.
You worshipped Zin.
Zin was extremely pleased with you.
You were very hungry.

You visited 3 branches of the dungeon, and saw 14 of its levels.
You also visited: Sewer.

You collected 579 gold pieces.
You donated 414 gold pieces to Zin.

Inventory:

Armour
 i - a cursed +0 cloak (worn)
 k - a cursed +0 ring mail (worn)
 r - a +0 pair of gloves (worn)
 D - a +2 pair of boots (worn)
Jewellery
 n - an uncursed ring of fire
 o - a ring of positive energy (left hand)
 p - an uncursed ring of magical power
 t - an uncursed ring of ice
 x - an uncursed ring of flight
 z - an uncursed ring of ice
 A - a +1 ring of evasion (right hand)
 L - a +4 ring of intelligence
Magical devices
 d - a wand of disintegration (8)
 w - a wand of confusion (15)
 K - a wand of fireball (5)
Scrolls
 a - a scroll of fog
 f - 3 scrolls of magic mapping
 g - a scroll of identify
 h - 3 scrolls of teleportation
 l - 7 scrolls of remove curse
 m - a scroll of fear
 u - a scroll of holy word
 y - 2 scrolls of amnesia
 G - a scroll of recharging {unknown}
Potions
 c - 2 potions of agility
 e - a potion of restore abilities
 j - a potion of magic
 s - a potion of haste
 F - a potion of berserk rage
 H - a potion of might
Books
 q - a book of Minor Magic

   Spells                             Type                      Level
   a - Magic Dart                     Conjuration                  1
   b - Blink                          Translocation                2
   c - Call Imp                       Summoning                    2
   d - Repel Missiles                 Charms/Air                   2
   e - Slow                           Hexes                        2
   f - Conjure Flame                  Conjuration/Fire             3
   g - Mephitic Cloud                 Conjuration/Poison/Air       3
 B - a book of Cantrips

   Spells                             Type                      Level
   a - Corona                         Hexes                        1
   b - Animate Skeleton               Necromancy                   1
   c - Summon Small Mammal            Summoning                    1
   d - Apportation                    Translocation                1
 C - a book of the Sky

   Spells                             Type                      Level
   a - Flight                         Charms/Air                   3
   b - Airstrike                      Air                          4
   c - Silence                        Hexes/Air                    5
   d - Deflect Missiles               Charms/Air                   6
   e - Conjure Ball Lightning         Conjuration/Air              6
   f - Tornado                        Air                          9
Comestibles
 b - 10 bread rations
 v - a fruit
 E - a slice of pizza
 M - 2 meat rations


   Skills:
 * Level 8.7 Fighting
 * Level 6.7 Dodging
 - Level 2.4 Stealth
 - Level 12.1 Unarmed Combat
 + Level 6.4 Invocations


You had 10 spell levels left.
You didn't know any spells.

Dungeon Overview and Level Annotations

Branches:
Dungeon (10/15)            Temple (1/1) D:5            Lair (3/8) D:9
    Orc (0/4) D:9
  Swamp: Lair:3-6    Shoals: Lair:3-6     Snake: Lair:3-6    Spider: Lair:3-6

Altars:
Ashenzari
Cheibriados
Dithmenos
Elyvilon
Fedhas
Gozag
Kikubaaqudgha
Makhleb
Nemelex Xobeh
Okawaru
Qazlal
Ru
Sif Muna
Trog
Vehumet
Xom
Yredelemnul
Zin
The Shining One

Shops:
D:4 }   D:9 !

Annotations:
D:10 Erolcha


Innate Abilities, Weirdness & Mutations

You have razor-sharp teeth.
You heal very quickly.
When hurt, damage is shared between your health and your magic reserves.
Your bite disrupts and absorbs the magic of your enemies.
Potions and wands cannot restore your health.
You are immune to rotting.


Message History

* * * LOW HITPOINT WARNING * * *
You feel sick.
You feel your anger subside.
* * * LOW HITPOINT WARNING * * *
You feel sick.
There is a lethal amount of poison in your body!
There is a lethal amount of poison in your body!
There is a lethal amount of poison in your body!
There is a lethal amount of poison in your body!
There is a lethal amount of poison in your body!
There is a lethal amount of poison in your body!
You are no longer berserk.
You pass out from exhaustion.
You feel yourself slow down.
You are feeling very hungry.
* * * LOW HITPOINT WARNING * * *
You feel sick.
* * * LOW HITPOINT WARNING * * *
You feel very sick.
You die...

##.............##
##.............##
##..........#..## ###
.####.............###.######
....P....[.....#...##...#..#
................b..#.......#
......................P....#
.................#.....÷...#
................@..>.......#
............#.......†......#
............PP.............#
...........................#
.##........................#
#.#........................#
#.#.(..........#...##......#
###P#........#.##.#.###.###
####..........###### ###


There were no monsters in sight!

Vanquished Creatures
  A black mamba (Lair:1)
  4 spiny frogs
  2 komodo dragons (Lair:2)
  5 blink frogs (Lair:2)
  2 basilisks (Lair:2)
  6 yaks (Lair:2)
  A hungry ghost (D:7)
  A hippogriff (D:9)
  A steam dragon (D:9)
  Menkaure (D:7)
  4 water moccasins
  A black bear (D:9)
  A phantom (D:5)
  2 eyes of draining (D:8)
  5 ice beasts
  A sky beast (D:7)
  4 orc warriors
  A centaur (D:6)
  A necrophage (D:9)
  8 ogres
  4 crocodiles
  2 big kobolds
  A wyvern zombie (D:8)
  3 giant frogs
  2 goliath beetles
  5 crimson imps
  A giant frog zombie (D:9)
  5 hounds
  2 jellies
  2 giant frog skeletons
  8 iguanas
  8 orc wizards
  3 orc priests
  4 worker ants
  Jessica (D:3)
  2 hound skeletons
  A mummy (D:8)
  A worker ant zombie (D:6)
  9 gnolls
  13 adders
  22 river rats
  3 shadow imps
  A giant mite (D:6)
  2 worms (D:5)
  5 giant geckos
  19 orcs
  2 ball pythons
  A bat zombie (D:6)
  5 giant cockroaches
  18 hobgoblins
  9 jackals
  4 quokkas
  12 bats
  A giant newt (D:2)
  5 goblins
  19 kobolds
  14 rats
  3 ballistomycetes (D:8)
  3 fungi (D:9)
277 creatures vanquished.

Vanquished Creatures (others)
  A gnoll shaman (D:7)
  3 gnolls (D:7)
  A giant spore (D:8)
  3 fungi (Lair:2)
  A plant (Lair:2)
9 creatures vanquished.

Grand Total: 286 creatures vanquished

Notes
Turn   | Place    | Note
--------------------------------------------------------------
     0 | D:1      | Goblin1989, the Vine Stalker Monk, began the quest for the Orb.
     0 | D:1      | Reached XP level 1. HP: 11/11 MP: 1/1
   100 | D:1      | Reached XP level 2. HP: 13/16 MP: 0/3
   665 | D:2      | Found an ancient bone altar of Kikubaaqudgha.
   874 | D:2      | Reached XP level 3. HP: 19/19 MP: 4/4
   893 | D:2      | Reached skill level 5 in Unarmed Combat
  1198 | D:3      | Noticed Jessica
  1212 | D:3      | Killed Jessica
  1212 | D:3      | Reached XP level 4. HP: 20/23 MP: 3/5
  1317 | D:3      | Reached skill level 6 in Unarmed Combat
  1479 | D:3      | Reached XP level 5. HP: 22/27 MP: 5/7
  2262 | D:4      | Found a glowing golden altar of the Shining One.
  2366 | D:4      | Reached skill level 7 in Unarmed Combat
  2366 | D:4      | Gained mutation: You heal very quickly. [vine stalker growth]
  2366 | D:4      | Reached XP level 6. HP: 17/32 MP: 6/8
  2658 | D:4      | Noticed an ogre
  2671 | D:4      | Killed an ogre
  2724 | D:4      | Found Proxan's Gadget Shoppe.
  3016 | D:5      | Entered Level 5 of the Dungeon
  3079 | D:5      | Found a shadowy altar of Dithmenos.
  3151 | D:5      | Reached skill level 8 in Unarmed Combat
  3151 | D:5      | Reached XP level 7. HP: 20/35 MP: 9/9
  3282 | D:5      | Found a sacrificial altar of Ru.
  3346 | D:5      | Found a blossoming altar of Fedhas.
  3404 | D:5      | Reached skill level 9 in Unarmed Combat
  3496 | D:5      | Found a staircase to the Ecumenical Temple.
  3513 | Temple   | Entered the Ecumenical Temple
  3542 | Temple   | Became a worshipper of Zin the Law-Giver
  3542 | Temple   | Acquired Zin's first power
  3542 | Temple   | Acquired Zin's second power
  3622 | D:5      | Found a glowing drain.
  3661 | Sewer    | Entered a sewer
  3727 | Sewer    | Reached skill level 1 in Invocations
  4096 | D:5      | Gained mutation: You have razor-sharp teeth. [vine stalker growth]
  4096 | D:5      | Reached XP level 8. HP: 25/39 MP: 10/13
  4223 | D:6      | Acquired Zin's third power
  4365 | D:6      | Reached skill level 10 in Unarmed Combat
  4583 | D:6      | Found a basalt altar of Yredelemnul.
  4750 | D:6      | Found a sacrificial altar of Ru.
  5230 | D:7      | Noticed Menkaure
  5234 | D:7      | Killed Menkaure
  5234 | D:7      | Reached XP level 9. HP: 43/43 MP: 17/18
  5248 | D:7      | Found a radiant altar of Vehumet.
  5330 | D:7      | Reached skill level 5 in Invocations
  5423 | D:7      | Found a deep blue altar of Sif Muna.
  5483 | D:7      | Reached skill level 11 in Unarmed Combat
  5686 | D:7      | Found a burning altar of Makhleb.
  5865 | D:8      | Got a bone flail
  5866 | D:8      | Identified the +8 flail of Mana {pain, Str+2} (You found it on level 8 of the Dungeon)
  5882 | D:8      | Found a bloodstained altar of Trog.
  6534 | D:9      | Got a crystal long sword
  6535 | D:9      | Identified the +5 long sword of Grileq {pain, Str+3 Int-2} (You found it on level 9 of the Dungeon)
  6571 | D:9      | Found a shattered altar of Ashenzari.
  6654 | D:9      | Reached XP level 10. HP: 44/49 MP: 21/21
  6661 | D:9      | Found a staircase to the Lair.
  6829 | D:9      | Found Prexketu's Distillery.
  6866 | D:9      | Found a staircase to the Orcish Mines.
  6902 | D:9      | Reached skill level 12 in Unarmed Combat
  7001 | D:9      | Reached skill level 5 in Fighting
  7112 | D:9      | Found an iron altar of Okawaru.
  7299 | Lair:1   | Entered Level 1 of the Lair of Beasts
  7556 | Lair:1   | Reached skill level 5 in Dodging
  7604 | Lair:1   | Noticed a black mamba
  7819 | Temple   | Donated 184 gold pieces to Zin
  7820 | Temple   | Donated 92 gold pieces to Zin
  7821 | Temple   | Donated 46 gold pieces to Zin
  7821 | Temple   | Donated 23 gold pieces to Zin
  7821 | Temple   | Donated 12 gold pieces to Zin
  7990 | D:10     | Entered Level 10 of the Dungeon
  7991 | D:10     | Noticed Erolcha
  8338 | Lair:1   | Killed a black mamba
  8864 | Lair:1   | Acquired Zin's fourth power
  9079 | Lair:2   | Reached XP level 11. HP: 48/58 MP: 23/23
  9487 | Lair:2   | Noticed a seven-headed hydra
 10181 | Lair:3   | Noticed a four-headed hydra
 10200 | Lair:2   | HP: 1/60 [poisoned by a spiny frog]
 10201 | Lair:2   | Succumbed to a spiny frog's poison

Action                   |  1- 3 |  4- 6 |  7- 9 | 10-12 || total
-------------------------+-------+-------+-------+-------++-------
Melee: Unarmed           |    98 |   144 |   387 |   430 ||  1059
Invok: Vitalisation      |       |       |     1 |       ||     1
       Imprison          |       |       |       |     1 ||     1
Evoke: Wand              |       |     2 |     6 |     5 ||    13
  Use: Potion            |       |     2 |     8 |     4 ||    14
       Scroll            |       |       |    12 |     6 ||    18
 Stab: Sleeping          |     5 |     4 |     2 |     1 ||    12
       Invisible         |       |     4 |       |       ||     4
       Confused          |       |       |     1 |     1 ||     2
  Eat: Chunk             |     1 |     2 |     3 |     7 ||    13
       Royal jelly       |       |     1 |       |       ||     1
       Meat ration       |       |     1 |       |       ||     1
       Bread ration      |       |       |     1 |     1 ||     2
       Fruit             |       |       |     1 |       ||     1
